AoeStats
← Outback_Wizard

Nomad

505807583Analyzed
4v4 RM · 21d ago on Sep 11, 2026· 52m 46s· 8 players
Game mode
Random Map
Map size
231×231
Population
200
Speed
Normal
Resources
Standard
Victory
Conquest
Starting age
Dark Age
Ending age
Imperial Age
RankedLock teamsTeams togetherTeam positionsShared explorationLock speedFull tech treeHidden civsTurbo modeCheats
Victory
Defeat
🇮🇳 Vietnamese · India
1454
+13
🇨🇦 Malians · Canada
1397
+15
🇵🇹 Chinese · Portugal
1307
+19
🇺🇸 Japanese · United States
1304
+19
🇺🇸 Khmer · United States
1434
-19
🇨🇳 Franks · China
1371
-16
🇨🇳 Japanese · China
1358
-16
🇯🇵 Persians · Japan
1347
-15
事后诸葛亮
3:29 Loom
13:32 Feudal Age
20:35 Castle Age
22:19 Wheelbarrow
21:32 Double-Bit Axe
22:59 Bow Saw
27:06 Hand Cart
32:14 Gold Mining
35:40 Imperial Age
33:24 Husbandry
33:34 Scale Barding Armor
34:46 Gold Shaft Mining
34:25 Forging
34:36 Chain Barding Armor
35:48 Iron Casting
35:44 Cavalier
36:51 Conscription
38:22 Plate Barding Armor
39:29 Blast Furnace
44:55 Paladin
Keishi
5:54 Loom
13:29 Feudal Age
15:02 Gold Mining
17:17 Castle Age
16:10 Double-Bit Axe
17:29 Scale Barding Armor
18:05 Bow Saw
20:00 Forging
20:19 Town Watch
22:01 Wheelbarrow
29:49 Husbandry
30:03 Bloodlines
31:35 Chain Barding Armor
31:08 Gold Mining
34:55 Hand Cart
38:54 Imperial Age
38:15 Padded Archer Armor
38:05 Fletching
39:01 Elite Skirmisher
39:47 Thumb Ring
39:46 Bodkin Arrow
39:48 Fishing Lines
40:12 Horse Collar
41:35 Two-Man Saw
41:49 Two-Man Saw
43:49 Gillnets
44:11 Medium Warships
44:26 Leather Archer Armor
46:01 Ring Archer Armor
45:58 Ballistics
47:59 Gold Shaft Mining
48:05 Town Patrol
48:26 Scale Mail Armor
49:01 Iron Casting
48:21 Capped Ram
49:43 Chain Mail Armor
49:36 Pikeman
50:17 Squires
52:25 Blast Furnace
51:55 Plate Mail Armor
52:25 Blast Furnace
51:55 Plate Mail Armor
50:55 Halberdier
52:55 Chemistry
52:06 Masonry
Outback_Wizard
5:31 Loom
15:00 Feudal Age
18:54 Castle Age
20:50 Gold Mining
25:56 Double-Bit Axe
30:26 Fletching
39:56 Imperial Age
39:47 Scale Barding Armor
39:53 Forging
39:44 Bodkin Arrow
40:43 Wheelbarrow
40:24 Bow Saw
40:54 Forging
41:43 Chain Barding Armor
41:26 Bracer
42:43 Conscription
42:26 Husbandry
42:08 Light Cavalry
44:15 Chain Barding Armor
43:43 Horse Collar
44:28 Bloodlines
46:17 Plate Barding Armor
50:11 Iron Casting
Vic
5:25 Loom
13:56 Feudal Age
21:49 Castle Age
22:09 Town Watch
22:15 Double-Bit Axe
25:23 Wheelbarrow
25:00 Bow Saw
28:04 Scale Mail Armor
38:11 Fishing Lines
38:31 Horse Collar
41:28 Gold Mining
44:41 Imperial Age
41:35 Elite Skirmisher
42:46 Hand Cart
44:03 Thumb Ring
45:33 Padded Archer Armor
45:44 Forging
45:24 Fletching
46:17 Gold Shaft Mining
45:33 Stone Mining
45:50 Onager
47:31 Conscription
48:16 Siege Engineers
49:30 Ballistics
50:12 Chemistry
49:32 Squires
48:53 Pikeman
1of4kind
3:22 Loom
12:05 Feudal Age
12:37 Double-Bit Axe
16:13 Fletching
17:22 Padded Archer Armor
21:36 Scale Mail Armor
24:55 Castle Age
23:20 Scale Mail Armor
24:04 Horse Collar
24:58 Crossbowman
26:34 Heavy Plow
31:12 Ballistics
30:21 Pikeman
32:57 Squires
32:43 Arson
34:06 Bow Saw
34:17 Chain Mail Armor
34:12 Forging
34:00 Bodkin Arrow
36:17 Leather Archer Armor
37:17 Arson
37:43 Forging
38:27 Wheelbarrow
37:37 Town Watch
39:38 Iron Casting
39:05 Town Patrol
40:01 Thumb Ring
44:16 Imperial Age
42:26 Gold Mining
42:26 Stone Mining
42:54 Hand Cart
43:31 Thumb Ring
44:34 Gold Shaft Mining
44:11 Thumb Ring
45:05 Stone Shaft Mining
45:08 Bracer
45:42 Conscription
46:37 Plate Mail Armor
47:07 Blast Furnace
46:38 Ring Archer Armor
47:47 Chemistry
46:43 Murder Holes
46:21 Arbalester
48:20 Elite Fire Lancer
51:33 Two-Man Saw
SkinnyPig
4:50 Loom
12:56 Feudal Age
19:29 Castle Age
18:08 Fletching
Speed_of_Anarchy
4:58 Loom
14:42 Feudal Age
14:44 Man-at-Arms
15:42 Arson
15:54 Double-Bit Axe
16:31 Fishing Lines
18:24 Fletching
22:42 Castle Age
22:47 Scale Mail Armor
23:11 Gold Mining
23:08 Crossbowman
23:48 Bodkin Arrow
23:53 Padded Archer Armor
24:04 Thumb Ring
27:33 Wheelbarrow
27:40 Horse Collar
28:42 Leather Archer Armor
32:26 Hand Cart
36:12 Heavy Plow
36:35 Town Watch
37:55 Ballistics
41:43 Imperial Age
40:33 Gold Shaft Mining
42:58 Arbalester
44:12 Bracer
44:44 Ring Archer Armor
45:19 Chemistry
48:46 Onager
49:48 Siege Engineers
49:40 Murder Holes
49:38 Guard Tower
50:20 Kataparuto
50:21 Conscription
52:35 Medium Warships
OKOK
5:33 Loom
14:07 Feudal Age
15:22 Double-Bit Axe
18:35 Castle Age
19:39 Bow Saw
19:54 Fletching
20:00 Stone Mining
20:12 Horse Collar
21:50 Wheelbarrow
22:41 Gold Mining
31:30 Imperial Age
29:56 Heavy Plow
30:21 Bodkin Arrow
30:54 Padded Archer Armor
31:36 Elite Rattan Archer
32:24 Bracer
35:26 Two-Man Saw
35:30 Leather Archer Armor
37:47 Scale Barding Armor
39:41 Ballistics
40:21 Chemistry
40:20 Bloodlines
39:30 Light Cavalry
40:11 Husbandry
42:30 Chain Barding Armor
42:25 Thumb Ring
48:22 Plate Barding Armor
52:04 Forging
52:25 Ring Archer Armor
53:23 Iron Casting
Connection lost

Rejoining the realm…

Still unreachable

The connection could not be restored.

Session expired

The server has moved on; the page needs a fresh start.